 Dungeon Crawl Stone Soup version 0.29.0-11-gd7f09526c8 (webtiles) character file.

Game seed: 15951448490696101442

22 blackman the Sneak (level 2, -2/24 HPs)
             Began as a Demonspawn Delver on Sept 3, 2022.
             Slain by an iguana (3 damage)
             ... on level 4 of the Dungeon.
             The game lasted 00:02:36 (1396 turns).

blackman the Sneak (Demonspawn Delver)              Turns: 1396, Time: 00:02:36

Health: -2/24      AC:  3    Str: 12    XL:     2   Next: 68%
Magic:  2/2        EV: 12    Int: 11    God:
Gold:   99         SH:  0    Dex: 14    Spells: 1/1 levels left

rFire   . . .      SeeInvis .   d - +0 long sword
rCold   . . .      Faith    .   (no shield)
rNeg    . . .      Spirit   .   b - +0 leather armour
rPois   .          Reflect  .   (no helmet)
rElec   .          Harm     .   (no cloak)
rCorr   .          Rampage  .   (no gloves)
Will    .....                   (no boots)
Stlth   +++.......              (no amulet)
HPRegen 0.08/turn               (no ring)
MPRegen 0.08/turn               (no ring)

@: no status effects
A: demonic magic 1
a: no special abilities


You were on level 4 of the Dungeon.
You visited 1 branch of the dungeon, and saw 2 of its levels.

You collected 99 gold pieces.

Inventory:

Hand Weapons
 a - a +0 hand axe
 d - a +0 long sword (weapon)
Armour
 b - a +0 leather armour (worn)
Wands
 g - a wand of digging (3)
Scrolls
 c - a scroll of fog
 e - a scroll of fear
Potions
 f - a potion of haste
 h - a potion of berserk rage {unknown}


   Skills:
 * Level 3.3 Fighting
 - Level 2.1 Axes
 - Level 2.1 Dodging
 - Level 4.7 Stealth


You had one spell level left.
You didn't know any spells.
Your spell library contained the following spells:

 Spells                   Type           Power      Damage    Failure   Level
 Ensorcelled Hibernation  Hex/Ice        0%         N/A       56%         2
 Passwall                 Tmut/Erth      0%         N/A       56%         2
 Swiftness                Air            0%         N/A       80%         3


Dungeon Overview and Level Annotations

Branches:
Dungeon (5/15)
 Temple: D:4-7

Altars:

Annotations:
D:4 Dowan, Duvessa


Innate Abilities, Weirdness & Mutations

Spells you cast may paralyse adjacent enemies.


Message History

You now have 99 gold pieces (gained 13).
An orc comes into view. It is wielding a +0 club.
An orc comes into view. It is wielding a +2 mace of draining.
Found a book of Debilitation.
The orc misses you.
You closely miss the orc. The orc barely misses you.
You hit the orc.
The orc is severely wounded.
The orc hits you with a +0 club. The orc barely misses you.
You closely miss the orc.
The orc is severely wounded.
The orc hits you but does no damage.
You closely miss the orc.
The orc is severely wounded.
The orc closely misses you. The orc hits you with a +0 club.
You slash the orc!
You kill the orc!
You start resting.
HP restored.
You start waiting.
Done waiting.
You start waiting.
An iguana comes into view.
The iguana hisses angrily.
The orc shouts!
You hear a shout!
An orc comes into view. It is wielding a +0 mace.
You see here a +0 club.
You hit the iguana.
The iguana is moderately wounded.
The iguana bites you!
You slash the iguana!
The iguana is severely wounded.
The iguana bites you! x2
* * * LOW HITPOINT WARNING * * *
You are too injured to fight recklessly!
You are too injured to fight recklessly!
You closely miss the iguana.
The iguana is severely wounded.
The iguana bites you.
You die...

#.##.##.#
#.###.##
#.......###.#
#.#
####........#
#.#
#.########
#+# #..# ##.#
##.##
##...####
#...ol@.+
##..o####
##)## #.#
#.........
#.o######:
#... #.o.
#...#


You could see an iguana and 2 orcs.

Vanquished Creatures
  An adder (D:4)
  An orc (D:4)
  An endoplasm (D:4)
  2 goblins (D:4)
  A hobgoblin (D:4)
  3 jackals (D:5)
  A ball python (D:4)
10 creatures vanquished.

Notes
Turn   | Place    | Note
-------+----------+-------------------------------------------
     0 | D:5      | blackman the Demonspawn Delver began the quest for the Orb.
     0 | D:5      | Reached XP level 1. HP: 18/18 MP: 1/1
    98 | D:4      | Noticed an iguana
   702 | D:4      | Gained mutation: Spells you cast may paralyse adjacent
                  | enemies. [demonic ancestry]
   702 | D:4      | Reached XP level 2. HP: 21/24 MP: 2/2
   918 | D:4      | Noticed a scorpion
   986 | D:4      | Noticed a scorpion
  1095 | D:4      | Noticed Duvessa
  1095 | D:4      | Noticed Dowan
  1395 | D:4      | HP: 1/24 [iguana (7)]
  1396 | D:4      | Slain by an iguana

Illustrated notes

Levels and vault maps discovered:
D:4:      dreamdust_elfheim, layout_loops_corners,
          mainiacjoe_overflow_tiny_flanked, minmay_temple_entry_glassed_door,
          uniq_sigmund
D:5:      layout_basic, gup_ossuary_entry_pyramid, minmay_starry_boxes,
          uniq_prince_ribbit1

Skill      XL: |  1 |
---------------+----+-----
Axes           | 2 |  2.1
Dodging        | 2 |  2.1
Fighting       | |  3.3
Stealth        | |  4.7

Action                   || total
-------------------------++-------
Melee: Long sword        ||    27
  Use: Scroll            ||     1
       Potion            ||     1
 Stab: Sleeping          ||     2
Armor: Leather armour    ||    13
Dodge: Dodged            ||    16
